 Dungeon Crawl Stone Soup version 0.31-a0-1074-g0b22e4e0f1 (webtiles) character file.

Game seed: 12527344708020209062

8948 DApurpleWHUMPUS the Thaumaturge (level 11, -15/73 HPs)
             Began as a Human Conjurer on Nov 26, 2023.
             Was a High Priest of Hepliaklqana.
             Demolished by a large abomination (17 damage)
             ... on level 2 of the Abyss.
             The game lasted 00:44:06 (11583 turns).

DApurpleWHUMPUS the Thaumaturge (Human Conjurer)   Turns: 11583, Time: 00:44:07

Health: -15/73     AC: 12    Str:  7    XL:     11   Next: 65%
Magic:  32/32      EV: 17    Int: 24    God:    Hepliaklqana [*****.]
Gold:   99         SH:  5    Dex: 21    Spells: 8/27 levels left

rFire   + . .        k - +1 spear (vamp)
rCold   . . .        b - orb "Ilueddytt" {guile, rCorr Stlth+}
rNeg    . . .        z - +0 steam dragon scales
rPois   .            y - +1 helmet
rElec   .            L - +1 cloak
rCorr   +            m - +0 pair of gloves
SInv    .            (no boots)
Will    .....        x - amulet of reflection
Stlth   +++          I - +6 ring of dexterity
HPRegen 0.32/turn    H - ring of magical power
MPRegen 0.23/turn

%: reflection
@: no status effects
A: reduced essence, agile 1, clever 1, fire resistance 1
a: Renounce Religion, Recall Ancestor, Ancestor Identity, Transference, Idealise


You were on level 2 of the Abyss.
You worshipped Hepliaklqana.
Hepliaklqana was extremely pleased with you.
You visited 2 branches of the dungeon, and saw 11 of its levels.
You visited the Abyss 1 time.

You collected 509 gold pieces.
You spent 410 gold pieces at shops.

Inventory:

Hand Weapons
 k - a +1 vampiric spear (weapon)
Armour
 a - a +0 robe
 b - the orb "Ilueddytt" (worn) {guile, rCorr Stlth+}
   (You bought it in a shop on level 3 of the Dungeon)

   rCorr:     It protects you from acid and corrosion.
   Stlth+:    It makes you more stealthy.
 f - a +0 leather armour
 m - a +0 pair of gloves (worn)
 p - a +0 cloak
 u - a +0 hat
 y - a +1 helmet (worn)
 z - +0 steam dragon scales (worn)
 L - a +1 cloak (worn)
Jewellery
 x - an amulet of reflection (around neck)
 F - a +6 ring of strength
 H - a ring of magical power (right hand)
 I - a +6 ring of dexterity (left hand)
 M - a ring of positive energy
Wands
 j - a wand of flame (17)
 o - a wand of polymorph (8)
 B - a wand of charming (8)
 K - a wand of mindburst (5)
Scrolls
 d - a scroll of enchant weapon
 g - a scroll of brand weapon
 h - 2 scrolls of vulnerability
Potions
 e - a potion of attraction {unknown}
 l - 3 potions of enlightenment {unknown}
 n - a potion of mutation
 q - 2 potions of heal wounds
 r - a potion of haste {unknown}
 t - a potion of resistance {unknown}
 v - a potion of ambrosia {unknown}
 A - a potion of lignification {unknown}
 C - 2 potions of might {unknown}
 D - a potion of brilliance {unknown}
 E - a potion of curing {unknown}
 J - a potion of degeneration {unknown}


   Skills:
 - Level 6.3 Fighting
 - Level 6.3 Armour
 + Level 7.4 Dodging
 - Level 2.0 Stealth
 * Level 8.7 Spellcasting
 * Level 6.9 Conjurations
 - Level 2.1 Translocations
 - Level 7.0 Earth Magic


You had 8 spell levels left.
You knew the following spells:

 Your Spells              Type           Power      Damage    Failure   Level
a - Magic Dart            Conj           100%       1d8       1%          1
b - Searing Ray           Conj           86%        2d7       1%          2
c - Iskenderun's Mystic   Conj/Tloc      32%        2d8       10%         4
d - Stone Arrow           Conj/Erth      88%        3d12      1%          3
e - Brom's Barrelling Bo  Conj/Erth      44%        2d6       3%          4
f - Passwall              Tmut/Erth      22%        N/A       2%          2
g - Dazzling Flash        Conj/Hex       54%        N/A       4%          3

Your spell library contained the following spells:

 Spells                   Type           Power      Damage    Failure   Level
 Sandblast                Erth           88%        2d18      1%          1
 Summon Small Mammal      Summ           40%        N/A       6%          1
 Fulminant Prism          Conj/Hex       13%        3d8       14%         4
 Call Canine Familiar     Summ           10%        N/A       19%         3
 Summon Guardian Golem    Hex/Summ       10%        N/A       19%         3
 Borgnjor's Vile Clutch   Necr/Erth      13%        N/A       36%         5
 Animate Dead             Necr           10%        N/A       52%         4
 Death Channel            Necr           5%         N/A       100%        6


Dungeon Overview and Level Annotations

Branches:
Dungeon (10/15)            Temple (0/1) D:4             Orc (1/2) D:10
   Lair: D:8-11

Altars:
Cheibriados
Dithmenos
Elyvilon
Fedhas
Hepliaklqana
Okawaru
Vehumet
Xom

Shops:
D:3 [![(   D:6 *[   D:7 [   D:9 :

Annotations:
D:6 1 transporter, pokeman's ghost, novice DEHW
Orc:1 Erolcha


Innate Abilities, Weirdness & Mutations

Your life essence is reduced to manifest your ancestor. (-10% HP)
You are agile. (Dex +4, Str/Int -1)
Your mind is acute. (Int +4, Str/Dex -1)
Your flesh is heat resistant. (rF+)


Message History

Blink to where?
Press: ? - help, Dir - move target
As you read the scroll labelled OLOCZUUQOKK, it crumbles to dust.
It was a scroll of blinking.
A raiju comes into view. 2 raiju come into view.
The raiju barks! x2; You hear a screech!
Found a corrupted altar of Lugonu.
The raiju bursts into living lightning!
The living lightning misses the raiju.
The living lightning hits you!
The raiju blinks!
You closely miss the raiju. The raiju barely misses you.
A raiju comes into view.
The raiju barely misses you.
As you read the scroll labelled LYMEFO YPLADD, it dissolves into smoke.
It was a scroll of fog.
A large abomination comes into view.
The raiju bites you but does no damage.
Found a corrupted altar of Lugonu.
The raiju closely misses you. x2
As you read the scroll of fear, it crumbles to dust.
You assume a fearsome visage.
The large abomination is unaffected.
The raiju looks frightened! x3
Okay, then.
The large abomination hits you!! The ice devil hits you!
The ice devil freezes you!!
* * * LOW HITPOINT WARNING * * *
Okay, then.
It was a potion of mutation.
You feel extremely strange.
You feel agile.
You feel clever.
You feel resistant to heat.
The large abomination closely misses you.
The ice devil misses you. The ice devil closely misses you.
The large abomination hits you.
* * * LOW HITPOINT WARNING * * *
The ice devil hits you.
* * * LOW HITPOINT WARNING * * *
The ice devil freezes you!
* * * LOW HITPOINT WARNING * * *
The large abomination misses you. The large abomination hits you!
You die...

∩.# #.# ..#. #.#
###.§##.# ##..
.....≈..# ..__.
###.### ..###
#.....# ...
§##....4###≈#
#......XX§.## ≈#
#........§@.§.###§##
.........§§§.......
.##......##§§....# .
#......##§ h...##..
.........4§§..... ..
........§..........§
..............h...
..####.#.## .. #.# #
#.. .##..#....###.


You could see 2 large abominations and an ice devil.

Vanquished Creatures
  2 two-headed ogres (D:9)
  Pikel (D:9)
  A manticore (D:10)
  A hornet (D:10)
  3 yaks (D:9)
  2 steam dragons
  An acid dragon (D:10)
  A water moccasin (D:9)
  An ice beast (D:8)
  An ogre (D:4)
  A lemure (D:9)
  2 phantoms
  4 kobold brigands
  3 bullfrogs
  3 scorpions
  11 wights
  3 howler monkeys
  A jelly (D:7)
  A hound (D:6)
  Crazy Yiuf (D:2)
  2 orc priests
  A gnoll bouda (D:5)
  An iguana (D:6)
  2 sleepcaps (D:6)
  Jessica (D:2)
  Natasha (thrice) (D:2)
  An orc wizard (D:8)
  4 adders
  9 gnolls
  2 shadow imps
  2 worms
  4 dart slugs
  20 orcs
  5 endoplasms
  2 giant cockroaches
  6 hobgoblins
  16 kobolds
  2 quokkas
  5 ball pythons
  5 bats
  4 frilled lizards
  5 goblins
  5 rats
151 creatures vanquished.

Vanquished Creatures (collateral kills)
  A two-headed ogre (D:9)
  A thrashing horror (Abyss:2)
  Sigmund (D:4)
  A vampire (D:10)
  A wraith (D:10)
  2 steam dragons
  A water moccasin (D:5)
  3 orc warriors
  2 ice beasts (D:7)
  2 ogres
  A centaur (D:7)
  A kobold brigand (D:8)
  A lemure (D:9)
  A bullfrog (D:7)
  A scorpion (D:5)
  3 wights
  6 orc priests
  A gnoll bouda (D:8)
  A jelly (D:5)
  4 iguanas
  5 orc wizards
  An adder (D:6)
  7 gnolls
  2 ufetubi (D:5)
  A worm (D:2)
  A dart slug (D:5)
  14 orcs
  A ball python (D:4)
  2 endoplasms (D:3)
  2 kobolds
  A quokka (D:2)
  A rat (D:3)
  6 boulders
79 creatures vanquished.

Vanquished Creatures (others)
  3 knights
  5 boulders
8 creatures vanquished.

Grand Total: 238 creatures vanquished

Notes
Turn   | Place    | Note
-------+----------+-------------------------------------------
     0 | D:1      | DApurpleWHUMPUS the Human Conjurer began the quest for the
                  | Orb.
     0 | D:1      | Reached XP level 1. HP: 13/13 MP: 3/3
   556 | D:1      | Reached XP level 2. HP: 16/19 MP: 1/5
  1066 | D:2      | Noticed Jessica
  1070 | D:2      | Killed Jessica
  1071 | D:2      | Reached XP level 3. HP: 24/24 MP: 2/6
  1177 | D:2      | Noticed Natasha
  1204 | D:2      | Killed Natasha
  1205 | D:2      | Reached XP level 4. HP: 20/30 MP: 4/8
  1251 | D:2      | Learned a level 2 spell: Searing Ray
  1340 | D:2      | Found a faded altar of an unknown god.
  1351 | D:2      | Prayed at the altar of an unknown god.
  1351 | D:2      | Became a worshipper of Hepliaklqana the Forgotten
  1351 | D:2      | Reached * piety under Hepliaklqana
  1416 | D:2      | Reached skill level 3 in Spellcasting
  1501 | D:2      | Reached XP level 5. HP: 26/31 MP: 1/9
  1598 | D:2      | Learned a level 4 spell: Iskenderun's Mystic Blast
  1644 | D:2      | Found a blossoming altar of Fedhas.
  1981 | D:2      | Noticed Natasha
  1987 | D:2      | Killed Natasha
  1988 | D:2      | Reached skill level 5 in Conjurations
  2059 | D:2      | Noticed Natasha
  2064 | D:2      | Killed Natasha
  2358 | D:2      | Found a runed translucent door.
  2359 | D:2      | Noticed Crazy Yiuf
  2366 | D:2      | Killed Crazy Yiuf
  2367 | D:2      | Reached XP level 6. HP: 28/36 MP: 5/11
  2528 | D:2      | Reached ** piety under Hepliaklqana
  2529 | D:2      | Remembered your ancestor Bowtie as a knight
  2708 | D:3      | Reached skill level 1 in Translocations
  3035 | D:3      | Found Wumuntaxt's Antique Weapon Shop.
  3071 | D:3      | Reached skill level 4 in Spellcasting
  3241 | D:3      | Reached XP level 7. HP: 37/41 MP: 13/13
  3509 | D:3      | Found Aquclidy's Antique Armour Emporium.
  3525 | D:3      | Found Xifixoid's Distillery.
  3533 | D:3      | Bought a potion of heal wounds for 65 gold pieces
  3533 | D:3      | Bought a potion of heal wounds for 65 gold pieces
  3652 | D:3      | Found Qatosm's Antique Armour Boutique.
  3682 | D:4      | Noticed Sigmund
  3688 | D:4      | Killed Sigmund
  3689 | D:4      | Reached skill level 1 in Fighting
  3689 | D:4      | Reached skill level 1 in Armour
  3793 | D:4      | Reached XP level 8. HP: 29/48 MP: 0/14
  3894 | D:4      | Reached *** piety under Hepliaklqana
  4028 | D:4      | Learned a level 3 spell: Stone Arrow
  4084 | D:4      | Found a staircase to the Ecumenical Temple.
  4147 | D:4      | Reached skill level 1 in Earth Magic
  4153 | D:4      | Reached skill level 5 in Spellcasting
  4386 | D:5      | Entered Level 5 of the Dungeon
  4937 | D:5      | Reached skill level 6 in Spellcasting
  4971 | D:5      | Reached XP level 9. HP: 53/53 MP: 2/18
  5178 | D:5      | Found a shimmering altar of Xom.
  5676 | D:6      | Reached skill level 5 in Earth Magic
  5732 | D:6      | Found a shadowy altar of Dithmenos.
  5776 | D:6      | Reached skill level 7 in Spellcasting
  5906 | D:6      | Found a radiant altar of Vehumet.
  6023 | D:6      | Noticed pokeman's ghost (novice DEHW)
  6024 | D:6      | Found a transporter.
  6066 | D:6      | Found a white marble altar of Elyvilon.
  6112 | D:6      | Found Medait's Assorted Antiques.
  6167 | D:6      | Learned a level 4 spell: Brom's Barrelling Boulder
  6170 | D:6      | Learned a level 2 spell: Passwall
  6174 | D:6      | Learned a level 3 spell: Dazzling Flash
  6359 | D:6      | Found Xaschouh's Armour Shoppe.
  6816 | D:7      | Found a snail-covered altar of Cheibriados.
  6816 | D:7      | Found Cheibriados's Comfort Zone.
  6867 | D:7      | Reached skill level 8 in Spellcasting
  7014 | D:7      | Reached XP level 10. HP: 58/58 MP: 6/22
  7767 | D:8      | Reached **** piety under Hepliaklqana
  8959 | D:9      | Noticed Pikel
  8959 | D:9      | Found Jyefy's Vocational Training.
  8970 | D:9      | Killed Pikel
  8971 | D:9      | Reached skill level 5 in Dodging
  9091 | D:9      | Noticed a two-headed ogre
  9100 | D:9      | Killed a two-headed ogre
  9177 | D:9      | Noticed a two-headed ogre
  9194 | D:9      | Killed a two-headed ogre
  9258 | D:9      | Reached XP level 11. HP: 70/70 MP: 10/23
  9339 | D:9      | Reached skill level 5 in Fighting
  9339 | D:9      | Reached skill level 5 in Armour
  9631 | D:9      | Reached ***** piety under Hepliaklqana
  9933 | D:9      | Noticed a two-headed ogre
  9948 | D:9      | Killed a two-headed ogre
  9983 | D:9      | Found an iron altar of Okawaru.
 10310 | D:10     | Entered Level 10 of the Dungeon
 10455 | D:10     | Found a staircase to the Orcish Mines.
 10510 | D:10     | Noticed a manticore
 10519 | D:10     | Killed a manticore
 10973 | D:3      | Bought a smoking orb for 280 gold pieces
 10973 | D:3      | Identified the orb "Ilueddytt" {guile, rCorr Stlth+} (You
                  | bought it in a shop on level 3 of the Dungeon)
 11131 | Orc:1    | Entered Level 1 of the Orcish Mines
 11219 | Orc:1    | Noticed Erolcha
 11239 | Orc:1    | Noticed an orc sorcerer
 11336 | Abyss:2  | Cast into level 2 of the Abyss (Erolcha)
 11425 | Abyss:2  | Noticed a large abomination
 11470 | Abyss:2  | Noticed a mana viper
 11476 | Abyss:2  | Noticed a wretched star
 11482 | Abyss:2  | Noticed a large abomination
 11505 | Abyss:2  | Noticed a thrashing horror
 11513 | Abyss:2  | Noticed a large abomination
 11513 | Abyss:2  | Killed a thrashing horror
 11523 | Abyss:2  | Noticed a thrashing horror
 11524 | Abyss:2  | Noticed a thrashing horror
 11544 | Abyss:2  | Found a corrupted altar of Lugonu.
 11562 | Abyss:2  | Found a corrupted altar of Lugonu.
 11569 | Abyss:2  | Found a corrupted altar of Lugonu.
 11571 | Abyss:2  | Noticed a large abomination
 11572 | Abyss:2  | Found a corrupted altar of Lugonu.
 11580 | Abyss:2  | Gained mutation: You are agile. (Dex +4, Str/Int -1)
                  | [potion of mutation]
 11580 | Abyss:2  | Gained mutation: Your mind is acute. (Int +4, Str/Dex -1)
                  | [potion of mutation]
 11580 | Abyss:2  | Gained mutation: Your flesh is heat resistant. (rF+)
                  | [potion of mutation]
 11582 | Abyss:2  | HP: 2/73 [ice devil (11)]
 11583 | Abyss:2  | Demolished by a large abomination

Illustrated notes

Levels and vault maps discovered:
D:1:      roderic_chinese_lattice_arrival, layout_loops_corners
D:2:      layout_loops_corners, basic_ecumenical_altar, basic_altar,
          nicolae_kite_square_tiling_tiny, uniq_crazy_yiuf_cottage,
          uniq_natasha, uniq_jessica
D:3:      layout_rooms, serial_shops, shop, nicolae_shop_real_fake_doors,
          nicolae_diamond_shop, shop
D:4:      layout_rooms, minmay_temple_entry_hall, uniq_sigmund
D:5:      layout_cave_pools, amcnicky_altar_gilded
D:6:      layout_basic, kennysheep_little_box, lemuel_doored_altar,
          mainiacjoe_overflow_alcove_1, gammafunk_ghost_smash, serial_shops,
          shop, nicolae_shop_just_a_little_nook, minmay_tree_intersection
D:7:      layout_loops_ring, minmay_shop_chei
D:8:      layout_loops_corners, corexii_checkpoint
D:9:      layout_roguey, mainiacjoe_overflow_cross_hatched,
          nicolae_shop_vocational, uniq_pikel
D:10:     wad_arrow_thing, layout_cave_pods, mainiacjoe_overflow_paths
Orc:1:    layout_diamond_mine, serial_shops, shop, basic_altar, uniq_erolcha
Abyss:2:  base: Gauntlet, evilmike_abyss_exit_11

Skill      XL: |  1  2  3  4  5  6  7  8  9 10 11 |
---------------+----------------------------------+-----
Spellcasting   | 3 4 6 8 |  8.7
Conjurations   | 5 6 |  6.9
Dodging        | 3 6 7 |  7.4
Translocations | 1 2 |  2.1
Fighting       | 1 4 6 |  6.3
Armour         | 1 4 6 |  6.3
Earth Magic    | 4 7 |  7.0
Stealth        | |  2.0

Action                     |  1- 3 |  4- 6 |  7- 9 | 10-12 || total
---------------------------+-------+-------+-------+-------++-------
  Melee: Spear             |       |    36 |    59 |    39 ||   134
   Cast: Magic Dart        |    24 |    91 |   223 |   164 ||   502
         Searing Ray       |       |     1 |     6 |     4 ||    11
         Stone Arrow       |       |       |    13 |    22 ||    35
         Brom's Barrelling |       |       |     2 |    16 ||    18
         Iskenderun's Myst |       |       |     1 |    14 ||    15
         Dazzling Flash    |       |       |       |     4 ||     4
 Invoke: Recall Ancestor   |       |     1 |       |     1 ||     2
         Ancestor Identity |       |     1 |       |       ||     1
         Ancestor Life: Kn |       |     1 |       |       ||     1
    Use: Scroll            |       |       |       |    15 ||    15
         Potion            |       |       |       |     4 ||     4
   Stab: Distracted        |       |       |       |     1 ||     1
 Armour: Skin              |     2 |       |       |       ||     2
         Leather armour    |     2 |    28 |    30 |       ||    60
         Steam dragon scal |       |       |    24 |    73 ||    97
  Dodge: Dodged            |     4 |    20 |    46 |    71 ||   141
  Block: Other             |       |       |       |    12 ||    12
         Reflection        |       |       |       |     1 ||     1

Table legend: (Time is in decaauts)
 A = Elapsed time spent in this place.
 B = Non-inter-level travel time spent in this place.
 C = Inter-level travel time spent in this place.
 D = Time resting spent in this place.
 E = Time spent auto-exploring this place.
 F = Levels seen in this place.
 G = Mean time per level.
                   A        B        C        D        E       F      G
               +--------+--------+--------+--------+--------+-----+--------+
         Total |  11604 |  10999 |    605 |   1602 |   7564 |  12 |  967.0 |
       Dungeon |  11252 |  10650 |    602 |   1562 |   7564 |  10 | 1125.2 |
  Orcish Mines |    101 |     99 |      2 |     38 |      0 |   1 |  101.0 |
         Abyss |    250 |    250 |      0 |      2 |      0 |   1 |  250.0 |
               +--------+--------+--------+--------+--------+-----+--------+

Top non-repeatable levels by time:
     D:2: 1630 daAuts
     D:9: 1372 daAuts
     D:8: 1330 daAuts
     D:6: 1142 daAuts
     D:7: 1134 daAuts
     D:3: 1108 daAuts
     D:5: 1098 daAuts
     D:1: 1044 daAuts
     D:4: 744 daAuts
    D:10: 646 daAuts
 Abyss:2: 250 daAuts
   Orc:1: 101 daAuts
